 Dungeon Crawl Stone Soup version 0.31.0 (webtiles) character file.

Game seed: 3636938260167713707

1510945 RepHenryClay the Intangible (level 27, 249/249 HPs)
             Began as a Merfolk Gladiator on Jan 19, 2024.
             Was an Initiate of Gozag.
             Escaped with the Orb
             ... and 3 runes on Jan 20, 2024!
             The game lasted 02:50:48 (86527 turns).

RepHenryClay the Intangible (Merfolk Gladiator)    Turns: 86527, Time: 02:50:49

Health: 249/249    AC: 25    Str: 15 (16) XL:     27
Magic:  23/23      EV: 39    Int: 13 (14) God:    Gozag
Gold:   2660       SH:  9    Dex: 28 (30) Spells: 24/26 levels left

rFire   + + .        a - +9 demon trident (spect)
rCold   + + .        X - +0 buckler {rC+ rF+}
rNeg    + . .        b - +3 faerie dragon scales {Will+ rCorr}
rPois   +            c - +0 helmet {SInv}
rElec   +            V - +2 cloak {Will+}
rCorr   +            P - +1 pair of gloves "Texeis" {rC+ Will+ Regen+ Str+2}
SInv    +            O - +2 pair of boots of the Original Sin {Regen+}
Will    +++++        v - amulet of the Air {Inacc Air Fly rElec RMsl}
Stlth   +            o - ring of Qazlal's Regard {^Drain rPois rN+ Int+5 Slay+4}
HPRegen 2.21/turn    Q - ring of protection from fire
MPRegen 0.18/turn

%: inaccuracy (-5), repel missiles
@: flying, studying Staves
A: (nimble swimmer 2), mertail, agile 1, persistent drain
0: Orb of Zot
}: 3/15 runes: barnacled, silver, gossamer
a: Renounce Religion, Potion Petition, Call Merchant, Bribe Branch


You escaped.
You worshipped Gozag.
Gozag was most pleased with you.
You visited 10 branches of the dungeon, and saw 48 of its levels.
You also visited: Trove, Ice Cave and Wizlab.

You collected 28827 gold pieces.
You spent 9407 gold pieces at shops.
You paid 16760 gold pieces to Gozag.

Inventory:

Hand Weapons
 a - a +9 spectral demon trident (weapon)
Missiles
 d - 7 throwing nets
 e - 18 javelins
 h - 52 poisoned darts
 m - 17 curare-tipped darts
 W - 27 silver javelins (quivered)
Armour
 b - the +3 faerie dragon scales (worn) {Will+ rCorr}
   (You took it off the Enchantress on level 2 of the Depths)

   Will+:     It increases your willpower.
   rCorr:     It protects you from acid and corrosion.
 c - a +0 helmet of see invisible (worn)
 O - the +2 pair of boots of the Original Sin (worn) {Regen+}
   (You bought it in a shop on level 13 of the Dungeon)

   Regen+:    It increases your rate of health regeneration.
 P - the +1 pair of gloves "Texeis" (worn) {rC+ Will+ Regen+ Str+2}
   (You bought it in a shop on level 13 of the Dungeon)

   Str+2:     It affects your strength (+2).
   rC+:       It protects you from cold.
   Will+:     It increases your willpower.
   Regen+:    It increases your rate of health regeneration.
 V - a +2 cloak of willpower (worn)
 X - a +0 buckler of resistance (worn)
Jewellery
 o - the ring of Qazlal's Regard (left hand) {^Drain rPois rN+ Int+5 Slay+4}
   (You bought it in a shop on level 1 of the Depths)

   [ring of slaying]

   Int+5:     It affects your intelligence (+5).
   Slay+4:    It affects your accuracy & damage with ranged weapons and melee
   (+4).
   rPois:     It protects you from poison rN+: It protects you from negative
   energy.
   ^Drain:    It drains your maximum health when unequipped.
 v - the amulet of the Air (around neck) {Inacc Air Fly rElec RMsl}
   (You took it off a deep elf annihilator on level 3 of the Elven Halls)

   [amulet of nothing]

   Inacc:     It reduces the accuracy of your attacks and spells.
   Air:       It enhances your air magic.
   rElec:     It insulates you from electricity.
   Fly:       It grants you flight.
   RMsl:      It protects you from missiles.
 B - the ring of the Everdark {rN+ Dex+6}
   (You found it on level 5 of the Dungeon)

   [ring of dexterity]

   Dex+6:     It affects your dexterity (+6).
   rN+:       It protects you from negative energy.
 C - the ring of Lust {rC++ rN+ AC+4 Str+3}
   (You found it on level 2 of the Vaults)

   [ring of protection]

   AC+4:      It affects your AC (+4).
   Str+3:     It affects your strength (+3).
   rC++:      It greatly protects you from cold.
   rN+:       It protects you from negative energy.
 H - a ring of flight
 Q - a ring of protection from fire (right hand)
Wands
 s - a wand of light (40)
 z - a wand of roots (32)
 A - a wand of charming (27)
 M - a wand of digging (17)
 Z - a wand of mindburst (37)
Scrolls
 f - 4 scrolls of enchant weapon
 j - 9 scrolls of enchant armour
 k - 2 scrolls of blinking
 n - 19 scrolls of teleportation
 t - 9 scrolls of brand weapon
 w - 3 scrolls of revelation
 y - 5 scrolls of butterflies
 D - 2 scrolls of torment
 F - 9 scrolls of poison
 G - 14 scrolls of identify {@r1}
 J - 5 scrolls of fear
 L - 6 scrolls of immolation
 N - 6 scrolls of fog
Potions
 g - 5 potions of attraction
 q - 12 potions of curing
 r - 2 potions of berserk rage
 u - 6 potions of magic
 x - 6 potions of haste
 E - 4 potions of enlightenment
 K - 11 potions of ambrosia
 S - 3 potions of resistance
 T - 10 potions of mutation
 U - a potion of invisibility
 Y - 4 potions of might
Miscellaneous
 i - a sack of spiders
 p - a condenser vane
 R - a phial of floods


   Skills:
 O Level 27 Fighting
 - Level 23.2 Polearms
 - Level 16.0 Throwing
 + Level 17.2 Armour
 O Level 27 Dodging
 - Level 13.6 Shields
 - Level 5.0 Translocations
 - Level 17.0 Evocations


You had 24 spell levels left.
You knew the following spells:

 Your Spells              Type           Power      Damage    Failure   Level
Q - Blink                 Tloc           26%        N/A       9%          2

Your spell library contained the following spells:

 Spells                   Type           Power      Damage    Failure   Level
 Apportation              Tloc           26%        N/A       6%          1
 Lesser Beckoning         Tloc           26%        N/A       9%          2
 Momentum Strike          Conj/Tloc      12%        3d8       24%         2
 Foxfire                  Conj/Fire      0%         2x1d4     41%         1
 Kiss of Death            Conj/Necr      0%         2d5       41%         1
 Magic Dart               Conj           0%         1d3       41%         1
 Necrotise                Necr           0%         1d4       41%         1
 Slow                     Hex            0%         N/A       41%         1
 Sting                    Conj/Alch      0%         1d3       41%         1
 Summon Small Mammal      Summ           0%         N/A       41%         1
 Volatile Blastmotes      Fire/Tloc      12%        2d11      43%         3
 Call Imp                 Summ           0%         N/A       56%         2
 Cigotuvi's Dreadful Rot  Necr/Alch/Air  0%         N/A       56%         2
 Jinxbite                 Hex            0%         N/A       56%         2
 Mercury Vapours          Alch/Air       0%         N/A       56%         2
 Scorch                   Fire           0%         2d5       56%         2
 Searing Ray              Conj           0%         2d4       56%         2
 Static Discharge         Conj/Air       0%         3-3/arc   56%         2
 Sublimation of Blood     Necr           0%         N/A       56%         2
 Call Canine Familiar     Summ           0%         N/A       80%         3
 Confusing Touch          Hex            0%         N/A       80%         3
 Hailstorm                Conj/Ice       0%         3d5       80%         3
 Inner Flame              Hex/Fire       0%         N/A       80%         3
 Mephitic Cloud           Conj/Alch/Air  0%         N/A       80%         3
 Sigil of Binding         Hex            0%         N/A       80%         3
 Summon Ice Beast         Ice/Summ       0%         N/A       80%         3
 Vampiric Draining        Necr           0%         2d6       80%         3
 Dimensional Bullseye     Hex/Tloc       3%         N/A       85%         4
 Iskenderun's Mystic Bla  Conj/Tloc      6%         2d4       85%         4
 Airstrike                Air            0%         2d(0-16)  99%         4
 Anguish                  Hex/Necr       0%         N/A       99%         4
 Brom's Barrelling Bould  Conj/Erth      0%         2d3       99%         4
 Dispel Undead            Necr           0%         3d6       99%         4
 Flame Wave               Conj/Fire      0%         2d4       99%         4
 Fulminant Prism          Conj/Alch      0%         3d5       99%         4
 Ignite Poison            Fire/Alch      0%         N/A       99%         4
 Leda's Liquefaction      Alch/Erth      0%         N/A       99%         4
 Martyr's Knell           Necr/Summ      0%         N/A       99%         4
 Olgreb's Toxic Radiance  Alch           0%         N/A       99%         4
 Petrify                  Alch/Erth      0%         N/A       99%         4
 Sticky Flame             Fire/Alch      0%         2d4       99%         4
 Summon Blazeheart Golem  Fire/Summ      0%         N/A       99%         4
 Summon Lightning Spire   Summ/Air       0%         N/A       99%         4
 Summon Forest            Summ/Tloc      3%         N/A       99%         5
 Alistair's Intoxication  Alch           0%         N/A       100%        5
 Borgnjor's Vile Clutch   Necr/Erth      0%         N/A       100%        5
 Fireball                 Conj/Fire      0%         3d3       100%        5
 Freezing Cloud           Conj/Ice/Air   0%         6-21      100%        5
 Iskenderun's Battlesphe  Conj           0%         2d6       100%        5
 Lee's Rapid Deconstruct  Erth           0%         3d4*      100%        5
 Summon Mana Viper        Hex/Summ       0%         N/A       100%        5
 Bombard                  Conj/Erth      0%         9d1       100%        6
 Conjure Ball Lightning   Conj/Air       0%         3x3d6     100%        6
 Death Channel            Necr           0%         N/A       100%        6
 Eringya's Noxious Bog    Alch           0%         4d6       100%        6
 Plasma Beam              Fire/Air       0%         2x1d10    100%        6
 Sculpt Simulacrum        Ice/Alch       0%         N/A       100%        6
 Starburst                Conj/Fire      0%         6d3       100%        6
 Summon Cactus Giant      Summ           0%         N/A       100%        6
 Haunt                    Necr/Summ      0%         N/A       100%        7
 Monstrous Menagerie      Summ           0%         N/A       100%        7
 Orb of Destruction       Conj           0%         9d5       100%        7
 Summon Hydra             Summ           0%         N/A       100%        7
 Borgnjor's Revivificati  Necr           0%         N/A       100%        8
 Discord                  Hex            0%         N/A       100%        8
 Ignition                 Fire           0%         3d3       100%        8
 Infestation              Necr           0%         N/A       100%        8
 Death's Door             Necr           0%         N/A       100%        9
 Animate Dead             Necr           Unusable   N/A       N/A         4

Dungeon Overview and Level Annotations

Branches:
Dungeon (15/15)            Temple (1/1) D:4            Lair (5/5) D:11
 Shoals (4/4) Lair:2       Spider (4/4) Lair:3        Slime (0/5) Lair:5
    Orc (2/2) D:12            Elf (3/3) Orc:2        Vaults (5/5) D:13
  Crypt (0/3) Vaults:2     Depths (4/4) D:15            Zot (5/5) Depths:4
  IceCv (visited)          WizLab (visited)

Altars:
Ashenzari
Cheibriados
Dithmenos
Elyvilon
Fedhas
Gozag
Hepliaklqana
Kikubaaqudgha
Makhleb
Nemelex Xobeh
Okawaru
Qazlal
Ru
Sif Muna
Trog
Uskayaw
Vehumet
Wu Jian
Xom
Yredelemnul
Zin
The Shining One
Jiyva

Shops:
D:2 ?   D:4 *   D:10 (   D:11 (=[[=*=(*   D:12 (   D:13 *[[!   Orc:1 :
Orc:2 [(?(:   Elf:1 *   Elf:3 !   Vaults:3 !   Depths:1 =:   Depths:2 ?

Portals:
Hell: Depths:1 Depths:2 Depths:3 Depths:4
Abyss: Depths:3
Pandemonium: Depths:2 Depths:4
Ziggurat: Depths:2

Annotations:
D:6 1 exclusion
Lair:2 exclusion: 4 oklob plants
Spider:4 Roxanne
Depths:2 4 exclusions
Zot:3 5 transporters


Innate Abilities, Weirdness & Mutations

((You are very nimble when in or above water. (Stealth+, EV+, Speed+++)))
Your lower body shifts to a powerful aquatic tail in water.
You are agile. (Dex +4, Str/Int -1)
Your health recovers twice as slowly from being drained.


Message History

There is a stone staircase leading down here.
There is an open door here.
A hell beast comes into view.
You reach to attack!
You puncture the hell beast!
The hell beast is lightly wounded.
Your +9 spectral demon trident hits the hell beast!!!
The hell beast misses your +9 spectral demon trident.
The hell beast tramples your +9 spectral demon trident.
Your spectral weapon shares its damage with you!
Your +9 spectral demon trident holds its ground!
Damage: -1%(-4hp) hp: 99%(245hp)
You reach to attack!
You puncture the hell beast!
The hell beast is almost dead.
Your +9 spectral demon trident closely misses the hell beast.
You impale the hell beast!!
You kill the hell beast!
Your +9 spectral demon trident disappears.
You feel your dexterity returning.
No target in view!
What level of the Dungeon? (default 1, ? - help) HP restored.
You reach down and open the door.
There is an open door here.
There is a stone staircase leading up here.
You fly upwards.
There is a stone staircase leading down here.
There is a stone staircase leading up here.
You fly upwards.
There is a stone staircase leading down here.
There is a stone staircase leading up here.
You fly upwards.
There is a stone staircase leading down here.
Unknown command.
Aiming: Dig
Press: ? - help, Shift-Dir - straight line, f - you Please select a direction to dig.
This square is covered in magical glow.
The rock shatters into small pieces.
There is a staircase leading out of the dungeon here.
You have escaped!

#..# #.......#>#.#.#~PP~~♣♣♣~~P♣~#
##.###.........#.#.#~PP~~.PP~~P.~#
#..##.......#.#.#.#~P.~~.P♣~~P♣~#
##..###.....#.#.#.#~.P~~.P♣~~..~#
##.###..####.#...#~♣♣~~♣..~~PP~#
#.##..#####.#####~.♣~~~~~~~..~#
#.#.........#...#~♣♣~.....~♣♣~#
##.#.##....#.....#~~~~.###.~~~~#
#..#.##....#.#@..'.....#§#.....'
#.#..##....#.#...#~~~~.###.~~~~#
#...########.#...#~..~.....~PP~#
##### #.....####.~♣♣~~~~~~~.P~#
#.....# #~P.~~.P♣~~♣♣~#
#######.)...### #~..~~P♣♣~~♣♣~#
#.....+.......# #~P.~~♣♣.~~.P~#
#.#####.)..#..# #~P♣~~P..~~P.~#
#.##########..# #~♣P~~P♣.~~..~#


There were no monsters in sight!

Vanquished Creatures
  Frederick (Vaults:5)
  5 dread liches
  4 orbs of fire
  An ancient lich (Zot:5)
  Boris (4 times) (Vaults:3 Depths:4 Vaults:5 Zot:5)
  12 Killer Klowns (Zot:5)
  Parghit (Zot:4)
  A curse toe (Zot:5)
  4 caustic shrikes
  Nikola (Spider:2)
  10 golden dragons
  the Enchantress (Depths:2)
  A Brimstone Fiend (Depths:2)
  3 electric golems
  15 tentacled monstrosities
  26 Orb Guardians
  2 liches
  6 quicksilver dragons
  A Hell Sentinel (D:15)
  7 deep elf master archers
  3 titans (Vaults:5)
  8 sphinxes
  A walking frostbound tome (Depths:3)
  5 deep elf blademasters
  2 Executioners (Depths:2)
  A kraken (Shoals:3)
  9 death cobs
  2 thorn hunters (WizLab)
  6 tengu reavers
  Aizul (Spider:1)
  12 shadow dragons
  A protean progenitor (Zot:3)
  3 fenstrider witches (WizLab)
  Donald (Elf:2)
  A fire giant (shapeshifter) (Depths:3)
  11 fire giants
  A daeva (D:11)
  11 storm dragons
  3 draconian monks
  An alligator snapping turtle (shapeshifter) (Depths:3)
  8 frost giants
  10 draconian shifters
  Louise (Spider:2)
  3 deep elf elementalists
  An iron dragon (shapeshifter) (Depths:3)
  7 deep elf sorcerers
  10 draconian knights
  8 draconian scorchers
  An iron dragon (Depths:3)
  8 emperor scorpions
  11 vault wardens
  A balrug (Depths:3)
  7 ghost moths
  3 orc warlords
  2 reapers
  A cacodemon (Depths:2)
  6 draconian annihilators
  6 draconian stormcallers
  18 ironbound preservers
  4 spriggan defenders
  11 very ugly things
  4 ironbound thunderhulks
  A ghoul (Vaults:2)
  10 stone giants
  2 broodmothers (Spider:3)
  2 formless jellyfish
  2 vampire knights
  The ghost of maumauz the Convoker, a journeyman MfSu of Sif Muna (Lair:5)
  12 green draconians
  3 deep elf death magi
  Nessos (Orc:2)
  6 deep elf demonologists
  8 deep elf annihilators
  4 eleionomae (WizLab)
  A lorocyproca (D:14)
  8 black draconians
  5 spark wasps
  16 white draconians
  11 yellow draconians
  13 red draconians
  6 war gargoyles
  7 purple draconians
  A green death (Depths:2)
  2 crystal guardians
  7 blizzard demons
  15 ettins
  8 merfolk javelineers
  8 entropy weavers
  15 yaktaur captains
  2 shambling mangroves (WizLab)
  3 fire dragons
  3 deep elf high priests
  5 great orbs of eyes
  13 merfolk impalers
  5 ice dragons
  3 salamander tyrants (Depths:3)
  4 peacekeepers
  9 spriggan air magi
  4 hydras
  A hell beast (D:4)
  An anaconda (shapeshifter) (Depths:3)
  30 vault guards
  2 rakshasas (Depths:1)
  A jorogumo (Spider:3)
  An ogre mage (Vaults:5)
  An ice dragon (shapeshifter) (Depths:3)
  5 merfolk aquamancers
  15 centaur warriors
  4 boulder beetles
  4 catoblepae
  6 ironbound frosthearts
  A merfolk avatar (Shoals:3)
  4 radroaches
  3 satyrs
  14 death yaks
  12 demonic crawlers
  2 alligator snapping turtles
  23 dancing weapons
  2 orc high priests (Orc:2)
  5 two-headed ogres
  3 deep troll shamans
  Urug (D:12)
  9 deep troll earth magi
  6 tengu warriors
  A hell hog (Depths:2)
  2 vampire magi (Depths:1)
  17 deep elf knights
  3 spriggan berserkers
  A soul eater (Depths:4)
  23 hell knights
  Nergalle (Lair:2)
  Sonja (Orc:2)
  2 skysharks
  2 sun demons (Depths:2)
  10 iron trolls
  A shadow wraith (Vaults:5)
  A fire crab (Lair:5)
  13 sea snakes
  7 pharaoh ants
  2 glowing orange brains (Depths:1)
  13 orb spiders
  6 arcanists
  2 sun moths (Depths:3)
  A deep troll (shapeshifter) (Vaults:5)
  16 deep elf archers
  12 ironbound convokers
  51 deep trolls
  8 lindwurms
  4 phantasmal warriors
  3 orc knights
  8 steelbarb worms
  10 harpies
  Pikel (D:6)
  27 deep elf pyromancers
  24 wolf spiders
  20 ugly things
  32 deep elf zephyrmancers
  11 fauns
  12 manticores
  2 oklob plants (WizLab)
  29 moths of wrath
  A manticore (shapeshifter) (Depths:3)
  Maurice (D:7)
  3 necromancers
  A salamander (Depths:2)
  A moth of wrath (shapeshifter) (Depths:3)
  A large abomination (D:12)
  3 orc sorcerers (Orc:2)
  6 cyclopes
  9 meliai
  4 merfolk sirens
  An elephant (D:11)
  2 kobold blastminers
  2 ice statues (IceCv)
  22 vault sentinels
  8 black mambas
  5 water nymphs
  A gargoyle (D:11)
  9 cane toads
  An unseen horror (D:12)
  6 torpor snails
  5 kobold demonologists
  An unseen horror (shapeshifter) (Vaults:5)
  23 yaktaurs
  An anaconda simulacrum (IceCv)
  A hellion (Depths:2)
  6 tengu conjurers
  6 rime drakes
  A wolf spider (shapeshifter) (Vaults:5)
  4 ice devils (IceCv)
  A tormentor (D:9)
  8 komodo dragons
  25 merfolk
  2 queen bees
  2 polar bears
  A merfolk (shapeshifter) (Vaults:5)
  7 trolls
  6 hornets
  25 tarantellas
  Grinder (D:6)
  A glass eye (Depths:2)
  17 wind drakes
  Prince Ribbit (D:5)
  14 blink frogs
  9 snapping turtles
  19 jumping spiders
  21 dream sheep
  22 water elementals
  49 slime creatures
  9 spriggans
  Sigmund (D:3)
  A vampire (D:12)
  8 air elementals
  5 wraiths
  2 wyverns
  31 culicivoras
  4 fire elementals
  76 yaks
  Eustachio (D:5)
  A steam dragon (D:9)
  9 basilisks
  5 wargs (Orc:2)
  4 vampire mosquitoes
  Grum (D:11)
  Menkaure (D:7)
  80 redbacks
  The ghost of TheBioAlchemist the Changeling, an amateur OpSh (D:3)
  2 death yak simulacra (IceCv)
  2 harpy simulacra
  3 acid dragons
  19 water moccasins
  2 sky beasts
  2 black bears
  32 orc warriors
  18 wolves
  7 ogres
  12 centaurs
  A lemure (D:6)
  Blork the orc (D:5)
  5 kobold brigands
  9 bullfrogs
  3 scorpions
  2 earth elementals
  A two-headed ogre simulacrum (IceCv)
  5 wights (D:10)
  57 killer bees
  2 elephant simulacra (IceCv)
  2 electric eels
  7 howler monkeys
  A jelly (Lair:5)
  3 hounds
  2 bombardier beetles (D:5)
  24 orc priests
  A sleepcap (D:3)
  Crazy Yiuf (D:5)
  Jessica (D:3)
  3 gnoll boudas
  An iguana (D:7)
  Ijyb (D:3)
  20 orc wizards
  2 polar bear simulacra (IceCv)
  8 hell rats
  4 spriggan simulacra (IceCv)
  A troll simulacrum (IceCv)
  A wolf simulacrum (IceCv)
  9 gnolls
  2 naga simulacra (IceCv)
  12 adders
  8 river rats
  A shadow imp (D:7)
  3 white imps (IceCv)
  4 ufetubi
  4 ribbon worms
  4 dart slugs
  93 orcs
  14 bats
  7 endoplasms
  2 giant cockroaches
  3 goblins
  13 hobgoblins
  7 quokkas
  7 ball pythons
  2 frilled lizards
  24 kobolds
  11 rats
  4 tentacles (Shoals:3)
2189 creatures vanquished.

Vanquished Creatures (collateral kills)
  3 merfolk
  A hornet (Depths:2)
4 creatures vanquished.

Vanquished Creatures (others)
  A draconian knight (Zot:5)
  A ghost moth (Zot:5)
  A purple draconian (Zot:3)
  A peacekeeper (Vaults:3)
  A shadow wraith (Vaults:4)
  A deep elf zephyrmancer (Elf:3)
  A moth of wrath (Zot:5)
  A water nymph (Shoals:4)
  A wind drake (Shoals:4)
  2 redbacks (Spider:2)
  An orc (Orc:2)
  3 kobolds (D:13)
  82 spectral weapons
  13 tentacles (Shoals:3)
110 creatures vanquished.

Grand Total: 2303 creatures vanquished

Notes
Turn   | Place    | Note
-------+----------+-------------------------------------------
     0 | D:1      | RepHenryClay the Merfolk Gladiator began the quest for the
                  | Orb.
     0 | D:1      | Reached XP level 1. HP: 16/16 MP: 1/1
   231 | D:1      | Reached XP level 2. HP: 22/22 MP: 2/2
   919 | D:1      | Reached XP level 3. HP: 27/27 MP: 3/3
  1316 | D:2      | Found Tuskaxokh's Magic Scroll Boutique.
  1323 | D:2      | Bought a scroll of identify for 24 gold pieces
  1323 | D:2      | Bought a scroll of identify for 24 gold pieces
  1376 | D:2      | Reached skill level 5 in Dodging
  1686 | D:3      | Reached skill level 5 in Polearms
  1806 | D:3      | Found a bloodstained altar of Trog.
  1814 | D:3      | Reached XP level 4. HP: 29/33 MP: 4/4
  1831 | D:3      | Found a shimmering blue altar of Sif Muna.
  1831 | D:3      | Noticed Jessica
  1835 | D:3      | Killed Jessica
  1882 | D:3      | Got Sif Muna's Teachings on Guile
  1909 | D:3      | Noticed Sigmund
  1932 | D:3      | Killed Sigmund
  1933 | D:3      | Reached XP level 5. HP: 23/38 MP: 5/5
  1933 | D:3      | Reached XP level 6. HP: 27/44 MP: 6/6
  2015 | D:3      | Noticed Grinder
  2050 | D:3      | Found a runed translucent door.
  2051 | D:3      | Noticed TheBioAlchemist's ghost (amateur OpSh)
  2098 | D:3      | Noticed Ijyb
  2212 | D:3      | Found a burning altar of Makhleb.
  2349 | D:3      | Found a blossoming altar of Fedhas.
  2373 | D:3      | Killed Ijyb
  2459 | D:3      | Identified the +0 scale mail "Isuna Ikh" {*Corrode Will+
                  | Dex+6}
  2694 | D:3      | Found a runed translucent door.
  2736 | D:4      | Found a staircase to the Ecumenical Temple.
  2741 | Temple   | Entered the Ecumenical Temple
  2746 | Temple   | Became a worshipper of Gozag Ym Sagoz the Greedy
  2805 | D:4      | Found Ymuzur's Assorted Antiques.
  3003 | D:4      | Found a basalt altar of Yredelemnul.
  3596 | D:5      | Entered Level 5 of the Dungeon
  3596 | D:5      | Found a hazy altar of Hepliaklqana.
  3616 | D:5      | Reached XP level 7. HP: 44/51 MP: 7/7
  3692 | D:5      | Noticed Blork the orc
  3704 | D:5      | Killed Blork the orc
  3891 | D:5      | Noticed Prince Ribbit
  3904 | D:5      | Killed Prince Ribbit
  4103 | D:5      | Noticed Eustachio
  4150 | D:5      | Killed Eustachio
  4151 | D:5      | Reached XP level 8. HP: 53/61 MP: 8/8
  4337 | D:5      | Identified the ring of the Everdark {rN+ Dex+6}
  4549 | D:5      | Reached skill level 5 in Fighting
  4678 | D:5      | Found a runed translucent door.
  4679 | D:5      | Noticed Crazy Yiuf
  4760 | D:6      | Noticed Pikel
  4781 | D:6      | Killed Pikel
  4782 | D:6      | Reached skill level 10 in Polearms
  4782 | D:6      | Reached skill level 10 in Dodging
  4833 | D:6      | Noticed a yak
  4834 | D:6      | Noticed a yak
  4917 | D:6      | Reached XP level 9. HP: 68/68 MP: 9/9
  5004 | D:6      | Found a shimmering altar of Xom.
  5301 | D:6      | Killed Grinder
  5412 | D:6      | Got Ypupree's Elucidation of the Baleful Traveller
  5878 | D:6      | Found an iron altar of Okawaru.
  5976 | D:7      | Noticed Menkaure
  6263 | D:7      | Identified the +2 robe "Soucalol" {rF+ MP+9}
  6496 | D:7      | Killed Menkaure
  6531 | D:7      | Noticed Maurice
  6545 | D:7      | Killed Maurice
  6546 | D:7      | Reached skill level 5 in Throwing
  7287 | D:8      | Reached XP level 10. HP: 72/74 MP: 10/10
  7760 | D:9      | Found a snail-covered altar of Cheibriados.
  8039 | D:9      | Reached skill level 1 in Armour
  9194 | D:10     | Entered Level 10 of the Dungeon
  9489 | D:10     | Found Tokh's Weapon Boutique.
  9594 | D:10     | Reached skill level 15 in Polearms
  9728 | D:10     | Noticed a kobold demonologist
  9894 | D:10     | Found a glowing golden altar of the Shining One.
  9912 | D:10     | Found a hide-covered altar of Uskayaw.
  9997 | D:10     | Killed a kobold demonologist
 10503 | D:11     | Noticed a gargoyle
 10510 | D:11     | Killed a gargoyle
 10532 | D:11     | Noticed an elephant
 10564 | D:11     | Killed an elephant
 10565 | D:11     | Reached XP level 11. HP: 74/81 MP: 2/11
 10681 | D:11     | Found a staircase to the Lair.
 10738 | D:11     | Noticed a cyclops
 10746 | D:11     | Killed a cyclops
 10891 | D:11     | Noticed a deep elf pyromancer
 10900 | D:11     | Killed a deep elf pyromancer
 11019 | D:11     | Noticed a two-headed ogre
 11020 | D:11     | Noticed a cyclops
 11029 | D:11     | Killed a two-headed ogre
 11139 | D:11     | Killed a cyclops
 11463 | D:11     | Noticed Grum
 11481 | D:11     | Killed Grum
 11999 | Lair:1   | Entered Level 1 of the Lair of Beasts
 12333 | Lair:1   | Learned a level 2 spell: Blink
 12801 | Lair:1   | Reached XP level 12. HP: 92/92 MP: 8/12
 13008 | Lair:2   | Noticed a death yak
 13009 | Lair:2   | Noticed a death yak
 13009 | Lair:2   | Noticed a death yak
 13010 | Lair:2   | Noticed a death yak
 13028 | Lair:2   | Noticed a death yak
 13033 | Lair:2   | Killed a death yak
 13225 | Lair:2   | Noticed a skyshark
 13234 | Lair:2   | Killed a skyshark
 13330 | Lair:2   | Killed a death yak
 13344 | Lair:2   | Killed a death yak
 13345 | Lair:2   | Reached skill level 15 in Dodging
 13347 | Lair:2   | Killed a death yak
 13361 | Lair:2   | Killed a death yak
 13604 | Lair:2   | Reached skill level 5 in Armour
 14316 | Lair:2   | Reached XP level 13. HP: 101/101 MP: 9/13
 14923 | Lair:2   | Found a staircase to the Shoals.
 15361 | Lair:3   | Reached skill level 10 in Fighting
 15521 | Lair:3   | Noticed Nergalle
 15548 | Lair:2   | Killed Nergalle
 15626 | Lair:3   | Found a frozen archway.
 15681 | IceCv    | Entered an ice cave
 16189 | IceCv    | Noticed a reaper
 16567 | IceCv    | Killed a reaper
 16709 | IceCv    | Got the Book of Charnel Ill Luck
 17875 | Lair:3   | Found a hole to the Spider Nest.
 18931 | Lair:4   | Reached XP level 14. HP: 99/113 MP: 8/14
 19763 | Lair:5   | Entered Level 5 of the Lair of Beasts
 19773 | Lair:5   | Noticed maumauz's ghost (journeyman MfSu)
 19781 | Lair:5   | Found a transporter.
 20231 | Lair:5   | Found a staircase to the Slime Pits.
 20232 | Lair:5   | Found a viscous altar of Jiyva.
 20235 | Lair:5   | Found a transporter.
 20804 | Lair:5   | Got Utec's Thoughts on Charged Bodies
 21849 | Lair:5   | Reached skill level 10 in Throwing
 23133 | D:12     | Reached XP level 15. HP: 100/122 MP: 7/15
 23324 | D:12     | Found a staircase to the Orcish Mines.
 23737 | D:12     | Found Keviugeh's Weapon Shop.
 24122 | Orc:1    | Entered Level 1 of the Orcish Mines
 24127 | Orc:1    | Noticed Urug
 24315 | D:12     | Killed Urug
 24929 | Orc:2    | Entered Level 2 of the Orcish Mines
 25223 | Orc:1    | Found Luneaf's Vocational Training.
 25232 | Orc:1    | Bought a manual of Evocations for 1120 gold pieces
 25236 | Orc:1    | Noticed an orc warlord
 25351 | Orc:2    | Reached skill level 1 in Evocations
 25385 | Orc:1    | Noticed Sonja
 25520 | Orc:2    | Killed Sonja
 25689 | Orc:1    | Killed an orc warlord
 26010 | Orc:2    | Reached skill level 5 in Evocations
 26044 | Orc:2    | Noticed Nessos
 26055 | Orc:2    | Killed Nessos
 26245 | Orc:2    | Found Taredepp's Book Boutique.
 26510 | Orc:2    | Found Kavaom's Magic Scroll Shoppe.
 26515 | Orc:2    | Bought a scroll of acquirement for 676 gold pieces
 26515 | Orc:2    | Bought a scroll of fog for 52 gold pieces
 26515 | Orc:2    | Bought a scroll of identify for 26 gold pieces
 26515 | Orc:2    | Bought a scroll of teleportation for 39 gold pieces
 26515 | Orc:2    | Bought a scroll of teleportation for 39 gold pieces
 26515 | Orc:2    | Acquired a manual of Polearms
 26851 | Orc:2    | Found a staircase to the Elven Halls.
 26959 | Orc:2    | Found Ysibbo Ycaco's Antique Weapon Emporium.
 26969 | Orc:2    | Bought a crude battleaxe for 276 gold pieces
 26969 | Orc:2    | Identified the +5 battleaxe of Roluf {drain, rC- rN++
                  | Dex+4} (You bought it in a shop on level 2 of the Orcish
                  | Mines)
 27267 | Orc:2    | Noticed an orc warlord
 27373 | Orc:2    | Killed an orc warlord
 27799 | Orc:2    | Found Higonnif's Antique Weapon Shop.
 27811 | Orc:2    | Found Wenoowk's Antique Armour Boutique.
 27823 | Orc:2    | Bought a pair of embroidered boots for 202 gold pieces
 27830 | Orc:2    | Bought a runed halberd for 231 gold pieces
 28550 | D:13     | Found Jaomewim's Distillery.
 28567 | D:13     | Reached skill level 10 in Evocations
 28664 | D:13     | Bought a potion of heal wounds for 60 gold pieces
 28664 | D:13     | Bought a potion of magic for 96 gold pieces
 29193 | D:13     | Found a gate to the Vaults.
 29948 | D:14     | Found an iron altar of Okawaru.
 30180 | D:14     | Identified the +7 long sword "Daorgh" {holy, rN+ SInv}
 30734 | D:15     | Entered Level 15 of the Dungeon
 31165 | D:15     | Found an ornate altar of the Wu Jian Council.
 31213 | D:15     | Found a staircase to the Depths.
 31743 | Shoals:1 | Entered Level 1 of the Shoals
 32239 | Shoals:1 | Reached XP level 16. HP: 132/132 MP: 8/16
 36820 | Shoals:3 | Found a white marble altar of Elyvilon.
 36825 | Shoals:3 | Noticed a kraken
 36975 | Shoals:3 | Killed a kraken
 37117 | Shoals:4 | Entered Level 4 of the Shoals
 37168 | Shoals:4 | Noticed a storm dragon
 37186 | Shoals:4 | Reached skill level 15 in Fighting
 37821 | Shoals:4 | Paralysed by an air elemental for 1 turns
 38519 | Shoals:4 | Found a blossoming altar of Fedhas.
 38653 | Shoals:4 | Paralysed by an air elemental for 1 turns
 38662 | Shoals:4 | Paralysed by an air elemental for 1 turns
 38790 | Shoals:4 | Reached XP level 17. HP: 124/142 MP: 11/17
 41129 | Shoals:4 | Got a barnacled rune of Zot
 41396 | Shoals:4 | Found a blossoming altar of Fedhas.
 41846 | Shoals:4 | Found a blossoming altar of Fedhas.
 42224 | D:11     | Bought a +0 bardiche of venom for 192 gold pieces
 42230 | D:11     | Bought a runed glaive for 228 gold pieces
 42234 | D:11     | Bought a scorched glaive for 402 gold pieces
 42234 | D:11     | Identified the +9 glaive of Callousness {heavy, rPois rF-
                  | Will++ Dex+2} (You bought it in a shop on level 11 of the
                  | Dungeon)
 42324 | Spider:1 | Entered Level 1 of the Spider Nest
 44193 | Spider:1 | Identified the serpent talisman "Punt" {*Slow rElec rC+
                  | rN+}
 44193 | Spider:1 | Noticed Aizul
 44206 | Spider:1 | Killed Aizul
 44956 | Spider:2 | Noticed Louise
 44977 | Spider:2 | Noticed Nikola
 44996 | Spider:2 | Killed Nikola
 44998 | Spider:2 | Killed Louise
 45697 | Spider:2 | Reached XP level 18. HP: 139/151 MP: 14/18
 47604 | Spider:4 | Entered Level 4 of the Spider Nest
 48286 | Spider:3 | Reached skill level 27 in Dodging
 50091 | Spider:4 | Noticed Roxanne
 50249 | Spider:4 | Reached XP level 19. HP: 165/165 MP: 1/19
 50374 | Spider:4 | Got a gossamer rune of Zot
 50765 | Lair:5   | Killed maumauz's ghost
 50800 | Lair:5   | Identified the +2 cloak of Fumid {Harm ^Drain rElec rC-}
 51154 | D:5      | Killed Crazy Yiuf
 51231 | D:3      | Killed TheBioAlchemist's ghost
 51552 | Vaults:1 | Entered Level 1 of the Vaults
 51590 | Vaults:1 | Found a magical portal.
 51599 | WizLab   | Entered Eringya's Formal Garden
 52760 | WizLab   | Found a blossoming altar of Fedhas.
 53155 | WizLab   | Found a blossoming altar of Fedhas.
 53671 | WizLab   | Found a blossoming altar of Fedhas.
 56030 | Vaults:2 | Identified the ring of Lust {rC++ rN+ AC+4 Str+3}
 56389 | Vaults:2 | Reached XP level 20. HP: 176/182 MP: 20/20
 56634 | Vaults:2 | Found a staircase to the Crypt.
 57411 | Vaults:3 | Noticed Boris
 57423 | Vaults:3 | Killed Boris
 57750 | Vaults:3 | Found Lenyi's Distillery.
 57814 | Vaults:3 | You fall into a shaft and drop 1 floor!
 60276 | Vaults:4 | Reached XP level 21. HP: 175/198 MP: 21/21
 61429 | D:13     | Bought a pair of smoking gloves for 342 gold pieces
 61429 | D:13     | Identified the +1 pair of gloves "Texeis" {rC+ Will+ Regen+
                  | Str+2} (You bought it in a shop on level 13 of the Dungeon)
 61750 | D:2      | Bought a scroll of enchant weapon for 90 gold pieces
 61964 | D:11     | Bought a scroll of enchant weapon for 262 gold pieces
 62091 | Elf:1    | Entered Level 1 of the Elven Halls
 62151 | Elf:1    | Paralysed by an air elemental for 1 turns
 62155 | Elf:1    | Paralysed by an air elemental for 1 turns
 62394 | Elf:1    | Found Ollou's Assorted Antiques.
 62465 | Elf:1    | Identified the +6 chain mail of the Slug {rF- Will+ Dex+6
                  | Slay+3}
 62525 | Elf:1    | Found a huge runed translucent gate.
 62526 | Elf:1    | Found a huge runed translucent gate.
 62527 | Elf:1    | Found a huge runed translucent gate.
 62527 | Elf:1    | Found a huge runed translucent gate.
 62529 | Elf:1    | Found a huge runed translucent gate.
 62531 | Elf:1    | Found a huge runed translucent gate.
 62531 | Elf:1    | Found a huge runed translucent gate.
 62531 | Elf:1    | Found a huge runed translucent gate.
 62531 | Elf:1    | Found a huge runed translucent gate.
 62532 | Elf:1    | Found a huge runed translucent gate.
 62532 | Elf:1    | Found a huge runed translucent gate.
 62532 | Elf:1    | Found a huge runed translucent gate.
 62532 | Elf:1    | Found a huge runed translucent gate.
 62532 | Elf:1    | Found a huge runed translucent gate.
 62532 | Elf:1    | Found a huge runed translucent gate.
 62532 | Elf:1    | Found a huge runed translucent gate.
 62532 | Elf:1    | Found a huge runed translucent gate.
 62533 | Elf:1    | Found a huge runed translucent gate.
 62533 | Elf:1    | Found a huge runed translucent gate.
 62533 | Elf:1    | Found a huge runed translucent gate.
 63646 | Elf:2    | Noticed Donald
 63654 | Elf:2    | Killed Donald
 63715 | Elf:2    | Reached skill level 1 in Shields
 63865 | Elf:2    | Found a runed translucent gate.
 63865 | Elf:2    | Found a runed translucent gate.
 63876 | Elf:2    | Found a runed translucent gate.
 64548 | Elf:2    | Reached skill level 27 in Fighting
 64552 | Elf:2    | Reached skill level 5 in Shields
 64740 | Elf:3    | Entered Level 3 of the Elven Halls
 64950 | Elf:3    | Found Heruel's Distillery.
 65642 | Elf:3    | Reached XP level 22. HP: 106/212 MP: 22/22
 65995 | Depths:1 | Entered Level 1 of the Depths
 65995 | Depths:1 | Found Roah's Jewellery Shop.
 66437 | Depths:1 | Found a gateway to Hell.
 66587 | Depths:1 | Found Jokootre's Self-Improvement Boutique.
 66867 | Depths:1 | Noticed a golden dragon
 66881 | Depths:1 | Killed a golden dragon
 66893 | Depths:1 | Reached skill level 10 in Shields
 67176 | Depths:2 | Noticed the Enchantress
 67472 | Depths:2 | Found a one-way gate leading to the halls of Pandemonium.
 67472 | Depths:2 | Gained mutation: You are agile. (Dex +4, Str/Int -1) [a
                  | cacodemon]
 67486 | Depths:2 | Killed the Enchantress
 68131 | Depths:2 | Identified the ring "Qeuq Qic" {AC+4 Stlth+}
 68204 | Depths:2 | Found a portal to a secret trove of treasure.
 68280 | Depths:2 | Found a burning altar of Makhleb.
 68291 | Depths:2 | Identified the staff "Voaleibb" {+Blink rPois Str-2 SInv
                  | Alchemy}
 68293 | Depths:2 | Got the Quarto of Amalgamated Zombies
 68841 | Depths:1 | Bought the ring of Qazlal's Regard {^Drain rPois rN+ Int+5
                  | Slay+4} for 1474 gold pieces
 68890 | Depths:2 | Reached skill level 1 in Translocations
 68978 | Depths:2 | Found Molu's Magic Scroll Boutique.
 68988 | Depths:2 | Bought a scroll of teleportation for 63 gold pieces
 68988 | Depths:2 | Bought a scroll of enchant armour for 157 gold pieces
 68997 | Depths:2 | Found a one-way gateway to a ziggurat.
 69245 | Depths:3 | Reached XP level 23. HP: 219/219 MP: 23/23
 69607 | Depths:3 | Reached skill level 5 in Translocations
 70040 | Depths:3 | Got the Atlas of the Snow-white Bonfire
 70043 | Depths:3 | Identified the staff of Bodily Humours {rElec rF+ Air}
 70054 | Depths:3 | Found a one-way gate to the infinite horrors of the Abyss.
 70598 | Depths:3 | Found a one-way gate to the infinite horrors of the Abyss.
 70848 | Depths:4 | Entered Level 4 of the Depths
 70848 | Depths:4 | Noticed a caustic shrike
 70848 | Depths:4 | Noticed a caustic shrike
 70848 | Depths:4 | Noticed a caustic shrike
 70848 | Depths:4 | Noticed a caustic shrike
 70856 | Depths:3 | Killed a caustic shrike
 70876 | Depths:3 | Killed a caustic shrike
 70879 | Depths:3 | Killed a caustic shrike
 70943 | Depths:4 | Killed a caustic shrike
 71111 | Depths:4 | Identified the +11 great sword of Midnight {heavy, rPois}
 71145 | Depths:4 | Noticed a golden dragon
 71152 | Depths:4 | Found a gate to the Realm of Zot.
 71160 | Depths:4 | Killed a golden dragon
 71851 | Depths:4 | Noticed Boris
 71858 | Depths:4 | Killed Boris
 72684 | D:13     | Bought the +2 pair of boots of the Original Sin {Regen+}
                  | for 344 gold pieces
 73103 | Vaults:5 | Entered Level 5 of the Vaults
 73213 | Vaults:5 | Reached XP level 24. HP: 227/227 MP: 23/23
 73262 | Vaults:5 | Identified the +3 trident of Fear {drain, rF+}
 73335 | Vaults:5 | Identified the dragon-blood talisman of Inference {MP+9
                  | Dex+2}
 73388 | Vaults:5 | Noticed a dread lich
 73389 | Vaults:5 | Noticed a dread lich
 73413 | Vaults:5 | Killed a dread lich
 73419 | Vaults:5 | Killed a dread lich
 73456 | Vaults:5 | Reached skill level 15 in Throwing
 73620 | Vaults:5 | Identified the +0 robe "Noikhliwk" {Rampage rN++}
 73621 | Vaults:5 | Identified the +10 plate armour "Voanecoc" {rC+}
 73676 | Vaults:5 | Noticed a dread lich
 73682 | Vaults:5 | Killed a dread lich
 73959 | Vaults:5 | Identified the orb of the Gazing Gods {*channel, Regen+}
 73966 | Vaults:5 | Identified the orb of Patience {light, Will+ Slay+4}
 73966 | Vaults:5 | Noticed Frederick
 73966 | Vaults:5 | Noticed a dread lich
 73973 | Vaults:5 | Killed a dread lich
 73982 | Vaults:5 | Killed Frederick
 74237 | Vaults:5 | Identified the +7 sling "Worm's Wrath" {heavy, rN+ Str+4
                  | Dex+3}
 74380 | Vaults:5 | Reached skill level 15 in Evocations
 74711 | Vaults:5 | Got a silver rune of Zot
 75418 | Vaults:5 | Noticed Boris
 75424 | Vaults:5 | Killed Boris
 76835 | Elf:3    | Reached XP level 25. HP: 233/234 MP: 23/23
 77249 | Elf:3    | Identified the +4 short sword of Distant Worlds {protect,
                  | Str+3}
 77262 | Elf:3    | Identified the staff "Oxon" {rPois Int+2 Alchemy}
 77311 | Elf:3    | Found the +10 dark maul {heavy}
 77673 | Zot:1    | Entered Level 1 of the Realm of Zot
 78299 | Zot:1    | Noticed an orb of fire
 78301 | Zot:1    | Gained mutation: Your health recovers twice as slowly from
                  | being drained. [an orb of fire]
 78320 | Zot:1    | Killed an orb of fire
 79815 | Zot:2    | Noticed an orb of fire
 79829 | Zot:2    | Killed an orb of fire
 80273 | Zot:3    | Found a transporter.
 80301 | Zot:3    | Reached skill level 10 in Armour
 80677 | Zot:3    | Identified the +6 halberd "Deotiss" {speed, *Rage Fly rC+
                  | Dex+2}
 80677 | Zot:3    | Identified the ring "Error" {Will+ Slay+3}
 80689 | Zot:3    | Found a transporter.
 80689 | Zot:3    | Found a transporter.
 80691 | Zot:3    | Noticed a dread lich
 80741 | Zot:3    | Found a transporter.
 80741 | Zot:3    | Noticed an orb of fire
 80742 | Zot:3    | Noticed a Killer Klown
 80743 | Zot:3    | Found a transporter.
 80826 | Zot:3    | Reached XP level 26. HP: 237/242 MP: 23/23
 81410 | Zot:4    | Got the Atlas of the Fetching Xenolith
 81846 | Zot:4    | Noticed Parghit
 82032 | Zot:4    | Killed Parghit
 82333 | Depths:2 | You paid a toll of +9 gold dragon scales to enter a
                  | treasure trove
 82334 | Trove    | Entered a treasure trove
 82352 | Trove    | Identified the ring "Nynoih Fau" {^Contam rPois Dex+4}
 82354 | Trove    | Identified the ring of Qored {Fire Dex+2}
 82356 | Trove    | Identified the amulet "Inwu" {Spirit Will+ Regen+ Str-4}
 82378 | Trove    | Identified the +6 great mace of the Evening {elec, rElec
                  | Str-4 Stlth+}
 82565 | Zot:5    | Entered Level 5 of the Realm of Zot
 82894 | Zot:5    | Reached XP level 27. HP: 249/249 MP: 23/23
 83314 | Zot:5    | Noticed an orb of fire
 83325 | Zot:5    | Killed an orb of fire
 83653 | D:11     | Bought a glowing cloak for 270 gold pieces
 83653 | D:11     | Bought a glowing cloak for 270 gold pieces
 83663 | D:11     | Bought a polished helmet for 228 gold pieces
 83663 | D:11     | Identified the +0 helmet of Temperance {Will+ Str-5 Int+3}
                  | (You bought it in a shop on level 11 of the Dungeon)
 83663 | D:11     | Bought smoking ice dragon scales for 1560 gold pieces
 83663 | D:11     | Identified the +3 ice dragon scales "Azaneeqe" {Harm rF-
                  | rC++ rN+} (You bought it in a shop on level 11 of the
                  | Dungeon)
 83663 | D:11     | Bought a distressingly furry helmet for 228 gold pieces
 83663 | D:11     | Identified the +0 helmet "Hero's Friend" {Rampage *Slow
                  | rElec} (You bought it in a shop on level 11 of the Dungeon)
 83663 | D:11     | Bought a bloodstained ring mail for 216 gold pieces
 83663 | D:11     | Identified the +1 ring mail of the Bulwark {-Tele ^Drain
                  | rF+++ Str+6 Int+2} (You bought it in a shop on level 11 of
                  | the Dungeon)
 83663 | D:11     | Bought a smoking scale mail for 216 gold pieces
 83663 | D:11     | Identified the +7 scale mail of Utwumof {Str+3} (You bought
                  | it in a shop on level 11 of the Dungeon)
 83977 | Zot:5    | Reached skill level 15 in Armour
 83979 | Zot:5    | Noticed a dread lich
 83980 | Zot:5    | Noticed an orb of fire
 84189 | Zot:5    | Identified the ring of Lolam {Wiz rElec}
 84191 | Zot:5    | Killed a dread lich
 84810 | Zot:5    | Killed an orb of fire
 84864 | Zot:5    | Noticed an ancient lich
 85569 | Zot:5    | Killed an ancient lich
 86038 | Zot:5    | Got the Orb of Zot
 86043 | Zot:5    | Noticed Boris
 86056 | Zot:5    | Killed Boris
 86442 | D:7      | Noticed Xuvys the pandemonium lord
 86527 | D:$      | Escaped with the Orb!

Illustrated notes

Levels and vault maps discovered:
D:1:      lightli_arrival_farm, layout_basic, minmay_pentomino_u4
D:2:      layout_loops_ring, serial_shops, nicolae_shop_rolling_square
D:3:      layout_basic, nzn_overflow_gifts_of_might_and_magic,
          mainiacjoe_overflow_tiny_flanked, fedhas_altar_2,
          ebering_ghost_sewer_f, uniq_grinder, uniq_sigmund, uniq_ijyb
D:4:      layout_loops_corners, yredelemnul_altar_generic, temple_fountains,
          serial_shops, shop
D:5:      layout_loops_cross, mainiacjoe_overflow_catwalk, uniq_eustachio,
          uniq_prince_ribbit1, uniq_blork_the_orc, uniq_crazy_yiuf_cottage
D:6:      layout_basic, overflow_temple_1_default, general_overflow_altar,
          lightli_orcish_oven, uniq_pikel
D:7:      layout_cave_pools, uniq_maurice, uniq_menkaure
D:8:      layout_basic
D:9:      layout_grid_maze, slow_altar_1
D:10:     layout_basic, jmf_multi_god_temple2, serial_shops,
          nicolae_shop_peninsula
D:11:     layout_stronghold, david_lair_generic, uniq_grum
D:12:     layout_basic, orc_david_3, serial_shops, shop, minivault_7
D:13:     layout_cave_pods, hellmonk_vaults_attempted_burglary, serial_shops,
          nicolae_shop_competitors_out_of_business, minmay_holes,
          nicolae_splish_splash
D:14:     layout_long_grid, okawaru_ov_weapons_minmay
D:15:     grunt_enter_depths_giant_problem, layout_small_grid, lemuel_tele_altar
Temple:   minmay_freezing_vapour_temple
Lair:1:   layout_big_grid, grunt_megastairs_3
Lair:2:   hangedman_what_comes_after_a, layout_regular_city,
          elwin_shoals_entry_rooms
Lair:3:   layout_regular_city, nicolae_spider_entry_orb_guardian,
          portal_ice_cave_rime, kennysheep_abandoned_house,
          serial_bayou_shore_b, uniq_nergalle
Lair:4:   layout_loops_ring, dreamdust_mushroom_princess,
          infiniplex_staircase_pool
Lair:5:   evilmike_catoblepas_cave, layout_cave_pods,
          minmay_slime_entry_pillars, gammafunk_ghost_berserking_beasts,
          dreamdust_gnoll_shepherd
Shoals:1: layout_shoals
Shoals:2: layout_shoals
Shoals:3: layout_shoals, wheals_shoals_ruined_temple
Shoals:4: shoals_end_hellmonk_storm_palace [storm_palace_center_square,
          storm_palace_corner_altar, storm_palace_corner_reverse_hut,
          storm_palace_corner_grid, storm_palace_corner_reverse_hut]
Spider:1: layout_cave_pods, uniq_aizul
Spider:2: layout_spider_delve, nicolae_spider_orb_run, uniq_nikola, uniq_louise
Spider:3: layout_cave_pods
Spider:4: grunt_spider_rune_circles, uniq_roxanne
Orc:1:    layout_caves, roderic_batcave, nicolae_shop_vocational, uniq_urug,
          uniq_sonja
Orc:2:    grunt_orc_community_town_hall, layout_diamond_mine,
          grunt_orc_community_big_house_2, grunt_orc_community_big_house_1,
          grunt_orc_community_house_1, grunt_orc_community_house_1,
          grunt_orc_community_house_3, grunt_orc_community_house_1,
          grunt_orc_community_house_3, serial_shops, nicolae_book_shop_shelving,
          uniq_nessos
Elf:1:    layout_gridlike, serial_shops, nicolae_shop_tiny_real_fake_doors,
          hangedman_elf_represent
Elf:2:    elven_hall_of_blades_hangedman_original
          [nicolae_blade_entry_pointy_end], layout_geoelf_diagonals,
          serial_sigils_hangedman_etch, minivault_20, minivault_14, uniq_donald
Elf:3:    elf_hall_gauntlet_wide, layout_gridlike, serial_shops,
          nicolae_shop_hallway_stairs
Vaults:1: infiniplex_enter_wizlab_water, grunt_vaults_swirl,
          nicolae_vaults_storage_closets_2, v_alt_pattern_3,
          nicolae_vaults_tangram_2, nicolae_vaults_yaktaur_gun_rack,
          nicolae_vaults_closet_pinwheel_1, nicolae_vaults_closet_pinwheel_3,
          layout_vaults_quadrants
Vaults:2: v_pattern_5, hangedman_vaults_locks, nicolae_vaults_network_square,
          minmay_crypt_entry_simple_walls, nicolae_vaults_trapezoid_lopsided_1,
          nicolae_vaults_offset_grid_hallway_1, nicolae_vaults_circle_grid_b,
          nicolae_vaults_tetromino_T_2, nicolae_vaults_trapezoid_4,
          vaults_room_hallway, vaults_room_hallway,
          nicolae_vaults_heart-shaped_vault, nicolae_vaults_little_squares_4,
          layout_vaults_omnicross
Vaults:3: ontoclasm_vaults_shuriken, nicolae_vaults_circle_grid_a, st_star,
          ontoclasm_vaults_gateway, v_misc_1, vaults_dpeg_hooks,
          nicolae_vaults_apartment_2, nicolae_vaults_turnstiles,
          nicolae_vaults_trapezoid_1, nicolae_vaults_asterisk, v_misc_8,
          dpeg_vaults_monster_box, vaults_room_stairs_pillars,
          layout_vaults_big_room, serial_shops, shop, uniq_boris
Vaults:4: vaults_room_hallway, nicolae_vaults_little_ls,
          hangedman_vaults_stretched_pinwheel, nicolae_vaults_shrinking_rooms_1,
          v_misc_14, vaults_dpeg_ring, hangedman_vaults_slice, v_misc_4,
          nicolae_vaults_angled_halls, nicolae_vaults_trapezoid_lopsided_2,
          nicolae_vaults_six-pack, nicolae_vaults_double_plus_1,
          v_alt_pattern_2, grunt_vaults_focal, vaults_room_semicircle,
          layout_vaults_ring
Vaults:5: serial_shops, uniq_frederick
Depths:1: layout_gridlike, hangedman_coc_ice_floe,
          minmay_shop_enchanted_jewellery, nicolae_shop_self_help,
          kennysheep_random_hallway
Depths:2: evilmike_makhleb_hellhole, layout_twisted_cross, enter_ziggurat_d,
          enter_trove_6, hellmouth_1, rand_demon_pan_entry_3, serial_shops,
          shop_statue, serial_glass, glass_columns_b, glass_columns_a,
          glass_columns_a, glass_columns_a, feat_on_display,
          minmay_strange_pillars, uniq_enchantress
Depths:3: hangedman_crystal_crosses_colossus [crystal_crosses_arms_four,
          crystal_crosses_arms_two, crystal_crosses_arms_one], abyss_entry,
          hell_entry
Depths:4: grunt_zot_entry_funnels, layout_gridlike, pan_entry,
          nicolae_concentric_dashed_squares_wild, hangedman_tar_grid_catacomb
Zot:1:    layout_gridlike, hangedman_zot_gyre,
          regret_index_zotdec_decaying_vile, zot_minivault_5
Zot:2:    layout_basic, lemuel_elevator
Zot:3:    gammafunk_the_bubble [the_bubble_gammafunk_roulette], layout_gridlike
Zot:4:    layout_basic, hangedman_zot_decor_scrapings, uniq_parghit
Zot:5:    layout_gridlike

Skill      XL: |  1  2  3  4  5  6  7  8  9 10 11 12 13 14 15 16 17 18 19 20 21 22 23 24 25 26 27 |
---------------+----------------------------------------------------------------------------------+-----
Dodging        | 5 6 7 8 10 11 14 16 18 21 22 24 25 27 | 27.0
Polearms       | 5 6 7 8 10 13 16 20 23 | 23.2
Fighting       | 4 5 7 9 11 12 13 15 16 18 22 25 27 | 27.0
Throwing       | 5 7 9 10 13 16 | 16.0
Armour         | 2 4 5 11 13 17 | 17.2
Evocations     | 11 12 13 16 17 | 17.0
Shields        | 6 13 | 13.6
Translocations | 3 5 |  5.0

Action                     |  1- 3 |  4- 6 |  7- 9 | 10-12 | 13-15 | 16-18 | 19-21 | 22-24 | 25-27 || total
---------------------------+-------+-------+-------+-------+-------+-------+-------+-------+-------++-------
  Melee: Trident           |   126 |   144 |   223 |    96 |       |       |       |       |       ||   589
         Punch             |     2 |     2 |     5 |     2 |       |       |     2 |       |       ||    13
         Unarmed           |       |     3 |       |       |       |       |       |       |       ||     3
         Halberd           |       |       |       |   521 |  1696 |   925 |     1 |       |       ||  3143
         Tailslap          |       |       |       |       |    14 |    52 |     1 |    31 |     2 ||   100
         Glaive            |       |       |       |       |       |   697 |   959 |       |       ||  1656
         Demon trident     |       |       |       |       |       |       |   280 |  1243 |  1254 ||  2777
  Throw: Throwing net      |     2 |       |       |       |       |     2 |       |       |       ||     4
         Dart              |     2 |    10 |    31 |    43 |    64 |    50 |    15 |       |     6 ||   221
         Javelin           |       |       |     3 |       |     4 |       |       |       |     6 ||    13
   Cast: Blink             |       |       |       |       |       |       |       |     1 |     5 ||     6
 Invoke: Call Merchant     |       |       |       |       |       |     6 |     3 |       |     3 ||    12
  Evoke: Wand              |       |     3 |    13 |     2 |     5 |     9 |     1 |       |     2 ||    35
         Phial of floods   |       |       |       |       |       |     1 |       |     3 |     1 ||     5
         Sack of spiders   |       |       |       |       |       |       |       |     1 |       ||     1
         Condenser vane    |       |       |       |       |       |       |       |       |     1 ||     1
    Use: Scroll            |     6 |       |     3 |     1 |    15 |    12 |    20 |     5 |     8 ||    70
         Potion            |       |       |       |       |       |     8 |     4 |     4 |    16 ||    32
   Stab: Invisible         |       |     2 |    17 |     4 |     5 |       |     5 |       |     7 ||    40
         Distracted        |       |       |     1 |     8 |    17 |    21 |    32 |    64 |    53 ||   196
         Sleeping          |       |       |     1 |       |     4 |     1 |       |       |     2 ||     8
         Petrified         |       |       |       |       |     6 |       |       |       |       ||     6
 Armour: Leather armour    |    26 |       |       |       |       |       |       |       |       ||    26
         Ring mail         |    21 |    19 |       |       |       |       |       |       |       ||    40
         Scale mail        |       |    29 |    55 |   109 |   357 |   546 |   339 |    94 |       ||  1529
         Skin              |       |     2 |       |       |       |       |       |       |       ||     2
         Acid dragon scale |       |       |       |       |       |       |       |    89 |   287 ||   376
  Dodge: Dodged            |    53 |    65 |   100 |   276 |  1229 |  2330 |  1354 |   584 |   847 ||  6838
         Repelled          |       |       |       |       |       |       |       |       |    22 ||    22
  Block: Other             |       |       |    10 |    80 |   235 |   305 |   170 |       |       ||   800
         Reflection        |       |       |       |     6 |    29 |     8 |    29 |     8 |     3 ||    83
         Buckler           |       |       |       |       |       |       |       |   213 |   243 ||   456
